 Dungeon Crawl Stone Soup version 0.31-a0-188-g5e087ee2ca (webtiles) character file.

Game seed: 4664218287564154892

2 qw the Shooter (level 1, 0/12 HPs)
             Began as a Deep Elf Hunter on June 23, 2023.
             Slain by a kobold
             ... wielding a +0 dagger
              (1 damage)
             ... on level 1 of the Dungeon.
             The game lasted 00:00:03 (132 turns).

qw the Shooter (Deep Elf Hunter)                     Turns: 132, Time: 00:00:04

Health: 0/12       AC:  3    Str:  8    XL:     1   Next: 25%
Magic:  3/3        EV: 12    Int: 13    God:
Gold:   12         SH:  0    Dex: 18    Spells: 0/0 levels left

rFire   . . .        a - +0 shortbow
rCold   . . .        (shield currently unavailable)
rNeg    . . .        c - +0 leather armour
rPois   .            (no helmet)
rElec   .            (no cloak)
rCorr   .            (no gloves)
SInv    .            (no boots)
Will    .....        (no amulet)
Stlth   ++           (no ring)
HPRegen 0.22/turn    (no ring)
MPRegen 0.08/turn

%: no passive effects
@: no status effects
A: no striking features
a: no special abilities


You were on level 1 of the Dungeon.
You visited 1 branch of the dungeon, and saw 1 of its levels.

You collected 12 gold pieces.


   Skills:
 - Level 1.5 Fighting
 + Level 5.4 Ranged Weapons
 - Level 2.4 Dodging
 - Level 1.2 Stealth


You couldn't memorise any spells.
You didn't know any spells.
Your spell library was empty.

Inventory:

Hand Weapons
 a - a +0 shortbow (weapon)
Armour
 c - a +0 leather armour (worn)
 d - a +0 ring mail
Scrolls
 b - a scroll of butterflies
 e - a scroll of identify {unknown}
 f - a scroll of enchant weapon {unknown}

Dungeon Overview and Level Annotations

Branches:
Dungeon (1/15)

Altars:

Annotations:
D:1 exclusion: kobold


Message History

You continue taking off your +0 leather armour.
The kobold hits you but does no damage.
You finish taking off your +0 leather armour.
118 ||| UPGRADING to +0 leather armour.
The kobold hits you with a +0 dagger.
Keep equipping yourself?
You start putting on your armour.
You continue putting on your +0 leather armour.
The kobold misses you.
You continue putting on your +0 leather armour.
The kobold hits you with a +0 dagger.
You continue putting on your +0 leather armour.
The kobold hits you with a +0 dagger.
You continue putting on your +0 leather armour.
The kobold closely misses you.
You finish putting on your +0 leather armour.
123 ||| UPGRADING to +0 ring mail.
The kobold hits you with a +0 dagger.
You stop removing your armour.
124 ||| UPGRADING to +0 ring mail.
The kobold closely misses you.
You start removing your armour.
You continue taking off your +0 leather armour.
The kobold hits you but does no damage.
You stop removing your armour.
126 ||| UPGRADING to +0 ring mail.
The kobold closely misses you.
You start removing your armour.
You continue taking off your +0 leather armour.
The kobold hits you but does no damage.
You stop removing your armour.
128 ||| UPGRADING to +0 ring mail.
The kobold hits you with a +0 dagger.
You stop removing your armour.
129 ||| UPGRADING to +0 ring mail.
The kobold hits you but does no damage.
You stop removing your armour.
130 ||| UPGRADING to +0 ring mail.
The kobold hits you with a +0 dagger.
You stop removing your armour.
131 ||| UPGRADING to +0 ring mail.
The kobold misses you.
You start removing your armour.
You continue taking off your +0 leather armour.
The kobold hits you with a +0 dagger.
You stop removing your armour.
You die...

# ... ##### #########
.....#...#######........
.....#.@...>%...........
:...$#K##.#...#.........
......#...###.##..######
. ...###### #.###.# ###
#.## #.....####.. #
####.......# #.....#.#
#...###.# #........


You could see a kobold.

Vanquished Creatures
  An endoplasm (D:1)
  A bat (D:1)
2 creatures vanquished.

Notes
Turn   | Place    | Note
-------+----------+-------------------------------------------
     0 | D:1      | qw the Deep Elf Hunter began the quest for the Orb.
     0 | D:1      | Reached XP level 1. HP: 12/12 MP: 3/3
     0 | D:1      | 0 ||| qw: Version: 0.3-a-9-g12657ce
     0 | D:1      | 0 ||| qw: Game counter: 3659
     0 | D:1      | 0 ||| qw: Always use a shield: true
     0 | D:1      | 0 ||| qw: God list: Okawaru
     0 | D:1      | 0 ||| qw: Allow faded altars: false
     0 | D:1      | 0 ||| qw: Do Orc after D:15 true
     0 | D:1      | 0 ||| qw: Do second Lair branch before Depths: true
     0 | D:1      | 0 ||| qw: Lair rune preference: random
     0 | D:1      | 0 ||| qw: Plans: Normal
     0 | D:1      | 0 ||| PLANNING D:1-11
    91 | D:1      | Found a faded altar of an unknown god.
    99 | D:1      | 99 ||| UPGRADING to +0 ring mail.
   104 | D:1      | 104 ||| UPGRADING to +0 leather armour.
   109 | D:1      | 109 ||| UPGRADING to +0 ring mail.
   110 | D:1      | 110 ||| UPGRADING to +0 ring mail.
   113 | D:1      | 113 ||| UPGRADING to +0 ring mail.
   118 | D:1      | 118 ||| UPGRADING to +0 leather armour.
   123 | D:1      | 123 ||| UPGRADING to +0 ring mail.
   123 | D:1      | HP: 2/12 [kobold/+0 dagger (3)]
   124 | D:1      | 124 ||| UPGRADING to +0 ring mail.
   126 | D:1      | 126 ||| UPGRADING to +0 ring mail.
   128 | D:1      | 128 ||| UPGRADING to +0 ring mail.
   128 | D:1      | HP: 2/12 [kobold/+0 dagger (1)]
   129 | D:1      | 129 ||| UPGRADING to +0 ring mail.
   130 | D:1      | 130 ||| UPGRADING to +0 ring mail.
   131 | D:1      | 131 ||| UPGRADING to +0 ring mail.
   132 | D:1      | Slain by a kobold

Levels and vault maps discovered:
D:1:      lemuel_arrival_room, layout_basic, ebering_ecumenical_altar_rust,
          palyth_stone_intersect, minivault_11

Action                     || total
---------------------------++-------
   Fire: Shortbow          ||     5
 Armour: Leather armour    ||     6
  Dodge: Dodged            ||    15

Table legend:
 A = Non-vault XP
 B = Vault XP
 C = Vault XP percentage of total XP
 D = Non-vault monster count
 E = Vault monster count
 F = Vault count percentage of total count
                 A         B        C        D         E       F
            +---------+---------+-------+---------+---------+-------
      Total |       3 |       0 |   0.0 |       2 |       0 |   0.0
            +---------+---------+-------+---------+---------+-------
        D:1 |       3 |       0 |   0.0 |       2 |       0 |   0.0
            +---------+---------+-------+---------+---------+-------
